 Dungeon Crawl Stone Soup version 0.29-a0-113-g078de9bc30 (webtiles) character file.

Game seed: 4798895415741671513

428 Sweetruy1997 the Slasher (level 6, 0/48 HPs)
             Began as a Demonspawn Chaos Knight on Feb 19, 2022.
             Was a Plaything of Xom.
             Slain by an orc (8 damage)
             ... on level 4 of the Dungeon.
             The game lasted 00:09:52 (4863 turns).

Sweetruy1997 the Slasher (Demonspawn Chaos Knight)  Turns: 4863, Time: 00:09:53

Health: 0/48       AC:  9    Str: 12    XL:     6   Next: 65%
Magic:  4/8        EV: 10    Int:  9    God:    Xom [*.....]
Gold:   172        SH:  3    Dex: 13    Spells: 2/8 levels left

rFire   . . .      SeeInvis .   a - +0 falchion (chaos)
rCold   . . .      Faith    .   q - +0 buckler
rNeg    . . .      Spirit   .   b - +3 leather armour
rPois   .          Reflect  .   l - +0 helmet
rElec   .          Harm     .   j - +0 cloak
rCorr   .          Rampage  .   (no gloves)
Will    .....                   k - +0 pair of boots
Stlth   +.........              (no amulet)
HPRegen 0.16/turn               (no ring)
MPRegen 0.11/turn               (no ring)

@: unable to read
A: ignite blood 2, demonic touch 2, clumsy 1, dopey 2, inability to read while
threatened
a: Renounce Religion


You were on level 4 of the Dungeon.
You worshipped Xom.
You were a special plaything of Xom.
You visited 1 branch of the dungeon, and saw 4 of its levels.

You collected 172 gold pieces.

Inventory:

Hand Weapons
 a - a +0 falchion of chaos (weapon)
Missiles
 n - 142 stones
Armour
 b - a +3 leather armour (worn)
 j - a +0 cloak (worn)
 k - a +0 pair of boots (worn)
 l - a +0 helmet (worn)
 q - a +0 buckler (worn)
Scrolls
 e - 2 scrolls of summoning
 f - a scroll of teleportation {unknown}
 g - a scroll of identify {unknown}
 i - a scroll of immolation {unknown}
 m - a scroll of silence {unknown}
 o - a scroll of enchant weapon {unknown}
 p - a scroll of vulnerability {unknown}
Potions
 c - a potion of lignification {unknown}
 d - 4 potions of flight {unknown}
 h - 3 potions of cancellation {unknown}


   Skills:
 - Level 4.0 Fighting
 + Level 5.1 Long Blades
 + Level 0.1 Throwing
 - Level 2.0 Armour
 - Level 1.0 Dodging
 + Level 1.2 Stealth
 + Level 1.9 Spellcasting
 + Level 2.3 Earth Magic


You had 2 spell levels left.
You knew the following spells:

 Your Spells              Type           Power      Damage    Failure   Level
a - Sandblast             Erth           10%        2d5       24%         1
b - Passwall              Tmut/Erth      1%         N/A       50%         2
c - Stone Arrow           Conj/Erth      4%         3d7       75%         3

Your spell library contained the following spells:

 Spells                   Type           Power      Damage    Failure   Level


Dungeon Overview and Level Annotations

Branches:
Dungeon (4/15)
 Temple: D:4-7

Altars:
Nemelex Xobeh
Trog
Yredelemnul
The Shining One


Innate Abilities, Weirdness & Mutations

Your demonic aura often causes spilled blood to erupt in flames.
Your touch may inflict irresistible damage on your foes.
You are clumsy. (Dex -2)
You are very dopey. (Int -4)
You sometimes lose the ability to read scrolls when taking damage.


Message History

The orc priest hits you with a +0 flail.
You feel threatened and lose the ability to read scrolls!
The orc priest hits you with a +0 flail.
You hit the orc priest.
The orc priest evaporates and reforms as a hound!
Xom is amused.
The orc priest calls down the wrath of Beogh upon you.
Beogh smites you! The hound bites you.
You are too injured to fight recklessly!
You are too injured to fight recklessly!
You hit the hound.
The hound is moderately wounded.
The hound is engulfed in blazing flames.
You kill the hound!
The orc priest looks encouraged for a moment.
You can read scrolls again.
You are too injured to fight recklessly!
Casting: Sandblast (safe; 24% risk of failure)
Confirm with . or Enter, or press ? or * to list all spells.
Aiming: Sandblast (safe; 24% risk of failure)
Press: ? - help, Shift-Dir - straight line, f - orc
Aim: an orc, wielding a +2 falchion of protection and wearing a +0 leather armour (78% to hit)
The blast of sand hits the orc but does no damage.
You hit the orc but do no damage.
The orc flickers and vanishes!
Deactivating autopickup; reactivate with Ctrl-A.
Something hits you but does no damage. x2
You hit something. Something hits you.
You feel threatened and lose the ability to read scrolls!
The orc priest looks encouraged for a moment.
You barely miss something.
You hit the orc priest but do no damage.
Something hits you.
You barely miss the orc priest.
You can read scrolls again.
The orc priest invokes the aid of Beogh against you.
Pain shoots through your body!
You feel threatened and lose the ability to read scrolls!
* * * LOW HITPOINT WARNING * * *
Something hits you!
You die...

#.# #.# #.########
#.#......# #o#.####.#
#o#{#..#.# #)#@o..#.#
#.###.##.# #.......
#.o......# #......
#####.#..# # #.....
#####.#..######### #
+##....
.....#..........###
......
.####..#..#######....
.....
.......[....>.....#.#
...n#
.......#.......####.#


You could see an orc priest.

Vanquished Creatures
  An ogre (D:4)
  A lemure (D:4)
  A bullfrog skeleton (D:4)
  A hound (D:4)
  A jelly (D:4)
  An orc wizard (D:3)
  A mummy (D:4)
  Robin (D:3)
  An adder (D:2)
  2 worms (D:2)
  A dart slug (D:1)
  8 orcs
  11 ball pythons
  9 endoplasms
  3 giant cockroaches
  13 goblins
  9 hobgoblins
  8 jackals (D:1)
  6 quokkas
  5 bats
  7 frilled lizards
  2 hobgoblin zombies (D:4)
  5 kobolds
  A kobold zombie (D:4)
  An orc zombie (D:4)
  5 rats
105 creatures vanquished.

Vanquished Creatures (collateral kills)
  A rat (D:1)
1 creature vanquished.

Vanquished Creatures (others)
  2 plants (D:1)
2 creatures vanquished.

Grand Total: 108 creatures vanquished

Notes
Turn   | Place    | Note
-------+----------+-------------------------------------------
     0 | D:1      | Sweetruy1997 the Demonspawn Chaos Knight began the quest
                  | for the Orb.
     0 | D:1      | Reached XP level 1. HP: 18/18 MP: 1/1
    17 | D:1      | XOM: silly message
    92 | D:1      | Reached skill level 3 in Long Blades
   104 | D:1      | XOM: smoke on damage
   107 | D:1      | Gained mutation: Your demonic aura sometimes causes spilled
                  | blood to erupt in flames. [demonic ancestry]
   107 | D:1      | Reached XP level 2. HP: 22/24 MP: 2/2
   124 | D:1      | XOM: silly message
   153 | D:1      | XOM: silly message
   378 | D:1      | Reached skill level 1 in Dodging
   639 | D:1      | Gained mutation: Your demonic aura often causes spilled
                  | blood to erupt in flames. [demonic ancestry]
   639 | D:1      | Reached XP level 3. HP: 20/29 MP: 3/3
   861 | D:1      | XOM: noise
   910 | D:1      | XOM: silly message
  1121 | D:1      | You fall into a shaft and drop 1 floor!
  1187 | D:2      | Gained mutation: Your touch may inflict minor irresistible
                  | damage on your foes. [demonic ancestry]
  1187 | D:2      | Reached XP level 4. HP: 20/37 MP: 4/4
  1920 | D:2      | XOM: 2-stop teleportation journey
  1943 | D:2      | XOM: god gift: scroll labelled WIANUS SINK {god gift}
  2035 | D:2      | XOM: silly message
  2453 | D:3      | Noticed Robin
  2459 | D:3      | XOM: confuse monster(s)
  2461 | D:3      | Reached skill level 4 in Long Blades
  2473 | D:3      | Killed Robin
  2717 | D:3      | XOM: noise
  2722 | D:3      | Gained mutation: Your touch may inflict irresistible damage
                  | on your foes. [demonic ancestry]
  2722 | D:3      | Reached XP level 5. HP: 39/42 MP: 5/5
  2826 | D:3      | XOM: god gift: dark potion {god gift}
  2830 | D:3      | Learned a level 1 spell: Sandblast
  3023 | D:2      | XOM: torment (22/42 hp)
  3205 | D:3      | Found a basalt altar of Yredelemnul.
  3205 | D:3      | Noticed a profane servitor
  3205 | D:3      | XOM: 1-stop teleportation journey
  3215 | D:3      | XOM: silly message
  3232 | D:3      | Learned a level 2 spell: Passwall
  3397 | D:3      | Found a faded altar of an unknown god.
  3459 | D:3      | XOM: stat loss: -1 Str (11/12)
  3813 | D:3      | Noticed an angel
  4231 | D:4      | XOM: give mutations
  4231 | D:4      | Gained mutation: You are dopey. (Int -2) [Xom's mischief]
  4231 | D:4      | Gained mutation: You sometimes lose the ability to read
                  | scrolls when taking damage. [Xom's mischief]
  4231 | D:4      | Gained mutation: You are very dopey. (Int -4) [Xom's
                  | mischief]
  4231 | D:4      | Gained mutation: You are clumsy. (Dex -2) [Xom's mischief]
  4251 | D:4      | Noticed an ogre
  4283 | D:4      | Killed an ogre
  4284 | D:4      | Reached skill level 1 in Stealth
  4284 | D:4      | Reached skill level 1 in Spellcasting
  4284 | D:4      | Reached skill level 1 in Earth Magic
  4284 | D:4      | Reached XP level 6. HP: 48/48 MP: 3/7
  4288 | D:4      | Learned a level 3 spell: Stone Arrow
  4323 | D:4      | Found a sparkling altar of Nemelex Xobeh.
  4387 | D:4      | XOM: torment (25/48 hp)
  4451 | D:4      | XOM: summons 2 hostile shadow creatures
  4564 | D:4      | Noticed Grinder
  4564 | D:4      | XOM: 2-stop teleportation journey
  4577 | D:4      | Noticed Grinder
  4577 | D:4      | Grinder changed into Grinder the lemure
  4577 | D:4      | XOM: polymorph Grinder -> Grinder the lemure
  4581 | D:4      | Killed Grinder the lemure
  4582 | D:4      | Reached skill level 5 in Long Blades
  4740 | D:4      | Found a bloodstained altar of Trog.
  4863 | D:4      | Slain by an orc

Illustrated notes

Levels and vault maps discovered:
D:1:      dpeg_arrival_orchard, layout_basic, fountainhead,
          palyth_stone_intersect, minmay_misc_feat_four_crosses,
          serial_bayou_pond_d, dk_noncrumbling_4, minmay_vboxes
D:2:      layout_basic, minmay_fractal_squares_5
D:3:      layout_basic, grunt_temple_overflow_holy_war,
          shapermc_ecumenical_altar_mp_vishouse, uniq_robin
D:4:      layout_basic, trog_butcher_becter, nemelex_dance_club_becter,
          minmay_mini_ossuary, uniq_grinder

Skill      XL: |  1  2  3  4  5  6 |
---------------+-------------------+-----
Long Blades    | 3 4 5 |  5.1
Dodging        | 1 |  1.0
Armour         | 2 |  2.0
Fighting       | 4 |  4.0
Stealth        | 1 |  1.2
Spellcasting   | 1 |  1.9
Earth Magic    | 1 2 |  2.3
Throwing       | |  0.1

Action                   |  1- 3 |  4- 6 || total
-------------------------+-------+-------++-------
Melee: Falchion          |   133 |   109 ||   242
       Punch             |     2 |       ||     2
       Touch             |       |    15 ||    15
Throw: Stone             |       |     1 ||     1
 Cast: Sandblast         |       |    38 ||    38
  Use: Scroll            |       |     2 ||     2
 Stab: Distracted        |     2 |       ||     2
Armor: Leather armour    |    52 |    33 ||    85
Dodge: Dodged            |    91 |    50 ||   141
Block: Buckler           |       |     3 ||     3

Table legend: (Time is in decaauts)
 A = Elapsed time spent in this place.
 B = Non-inter-level travel time spent in this place.
 C = Inter-level travel time spent in this place.
 D = Time resting spent in this place.
 E = Time spent auto-exploring this place.
 F = Levels seen in this place.
 G = Mean time per level.
                   A        B        C        D        E       F      G
               +--------+--------+--------+--------+--------+-----+--------+
         Total |   4897 |   4719 |    178 |    437 |   3523 |   4 | 1224.2 |
       Dungeon |   4897 |   4719 |    178 |    437 |   3523 |   4 | 1224.2 |
               +--------+--------+--------+--------+--------+-----+--------+

Top non-repeatable levels by time:
     D:2: 1400 daAuts
     D:1: 1400 daAuts
     D:3: 1356 daAuts
     D:4: 740 daAuts
